 Dungeon Crawl Stone Soup version 0.20.1-1-g8b1a95d (webtiles) character file.

1827 Azzok the Fighter (level 8, -1/79 HPs)
             Began as a Minotaur Fighter on Nov 29, 2017.
             Slain by a troll (8 damage)
             ... on level 6 of the Dungeon.
             The game lasted 00:11:41 (5365 turns).

Azzok the Fighter (Minotaur Fighter)                Turns: 5365, Time: 00:11:42

Health: -1/79      AC:  9    Str: 23    XL:     8   Next: 86%
Magic:  7/7        EV:  5    Int:  5    God:
Gold:   433        SH:  9    Dex: 10    Spells: 7/7 levels left

rFire    . . .     SeeInvis .   t - +0 short sword (drain)
rCold    . . .     Gourm    .   c - +0 shield
rNeg     . . .     Faith    .   m - +0 chain mail
rPois    .         Spirit   .   (helmet restricted)
rElec    .         Reflect  .   (no cloak)
rCorr    .         Harm     .   (no gloves)
MR       +....                  (no boots)
Stlth    ..........             (no amulet)
Regen    0.3/turn               v - ring of protection from magic
MPRegen  0.1/turn               (no ring)

@: no status effects
A: retaliatory headbutt, horns 2
a: no special abilities


You were on level 6 of the Dungeon.
You were not hungry.

You visited 2 branches of the dungeon, and saw 7 of its levels.

You collected 433 gold pieces.

Inventory:

Hand Weapons
 a - a +0 long sword
 t - a +0 short sword of draining (weapon)
 C - a +0 shortbow
Missiles
 k - 171 arrows
 o - 50 bolts
Armour
 b - a +0 scale mail
 c - a +0 shield (worn)
 m - a +0 chain mail (worn)
Jewellery
 v - a ring of protection from magic (left hand)
Wands
 r - a wand of random effects (25/48)
 J - a wand of polymorph (9/24)
Scrolls
 j - 2 scrolls of enchant armour {unknown}
 l - 10 scrolls of identify {unknown}
 q - a scroll of random uselessness {unknown}
 x - 3 scrolls of teleportation {unknown}
 y - a scroll of magic mapping {unknown}
 z - 4 scrolls of enchant weapon {unknown}
 D - a scroll of recharging {unknown}
 G - a scroll of amnesia {unknown}
 H - 2 scrolls of remove curse {unknown}
Potions
 d - a potion of ambrosia {unknown}
 e - 2 potions of lignification {unknown}
 g - a potion of agility {unknown}
 h - 2 potions of brilliance {unknown}
 i - 3 potions of heal wounds {unknown}
 n - 2 potions of mutation {unknown}
 p - 3 potions of curing
 s - a potion of invisibility {unknown}
 w - 2 potions of flight {unknown}
 A - a potion of haste {unknown}
 B - a potion of berserk rage {unknown}
 I - 3 potions of cancellation {unknown}
Comestibles
 f - 4 bread rations
 u - 3 royal jellies
 E - 2 meat rations
 F - 11 chunks of flesh


   Skills:
 - Level 10.0 Fighting
 - Level 2.4 Long Blades
 * Level 9.2 Bows
 - Level 3.6 Armour
 - Level 3.6 Shields


You had 7 spell levels left.
You didn't know any spells.

Dungeon Overview and Level Annotations

Branches:
Dungeon (6/15)             Temple (1/1) D:4

Altars:
Cheibriados
Dithmenos
Elyvilon
Fedhas
Kikubaaqudgha
Makhleb
Nemelex Xobeh
Qazlal
Ru
Sif Muna
Trog
Uskayaw
Vehumet
Xom
Yredelemnul
Zin
Beogh


Innate Abilities, Weirdness & Mutations

You reflexively headbutt those who attack you in melee.
You have a pair of horns on your head.


Message History

The troll is heavily wounded.
The troll bites you!
* * * LOW HITPOINT WARNING * * *
The troll barely misses you. The troll claws you but does no damage.
The troll bites you but does no damage. The troll claws you.
* * * LOW HITPOINT WARNING * * *
The troll claws you.
* * * LOW HITPOINT WARNING * * *
You hit the troll but do no damage. You drain the troll!
The troll is heavily wounded.
The troll bites you but does no damage. The troll barely misses you.
The troll claws you but does no damage.
You hit the troll. You drain the troll!
The troll is heavily wounded.
The troll barely misses you. You furiously retaliate!
You headbutt the troll! The troll claws you but does no damage.
The troll barely misses you.
You closely miss the troll. You headbutt the troll.
The troll is severely wounded.
The troll bites you!
You die...

▒▒▒ ▒▒▒ ▒·· ··· ▒·▒ ▒▒·▒▒▒
▒·▒▒·····▒ ·▒▒▒▒▒▒▒▒▒
▒·▒·······▒ ·· ·········▒
▒·▒·······▒·▒·
▒········▒▒▒▒·····_·····▒·
········T@··)·▒·······▒···
·········▒▒▒▒·▒·······▒···
·······>······▒▒·····▒▒·╬·
··············▒▒▒▒·▒▒▒▒···
··▒▒▒▒▒▒▒··▒·<····
········
··················▒
·▒▒▒▒▒▒ ····▒▒▒▒▒▒▒·····▒·
▒ ·····▒·▒·······▒·
▒▒▒▒·▒·▒·▒·······▒


You could see a troll.

Vanquished Creatures
  Sigmund (D:2)
  Menkaure (D:6)
  3 centaurs
  2 bullfrogs
  2 scorpions
  2 crimson imps
  A centaur zombie (D:6)
  5 hounds
  2 bullfrog skeletons
  2 centaur skeletons (D:5)
  4 orc priests
  Terence (D:3)
  Jessica (D:2)
  2 iguanas (D:5)
  5 orc wizards
  3 worker ants
  A hound skeleton (D:4)
  Robin (D:3)
  11 adders
  A shadow imp (D:6)
  An ooze (D:3)
  5 adder skeletons
  A worm (D:5)
  3 dart slugs
  4 leopard geckos
  13 orcs
  3 ball pythons
  5 giant cockroaches
  20 goblins
  10 hobgoblins
  13 jackals
  4 quokkas
  10 bats
  7 frilled lizards
  A jackal skeleton (D:4)
  12 kobolds
  10 rats
173 creatures vanquished.

Notes
Turn   | Place    | Note
-------+----------+-------------------------------------------
     0 | D:1      | Azzok the Minotaur Fighter began the quest for the Orb.
     0 | D:1      | Reached XP level 1. HP: 19/19 MP: 0/0
   104 | D:1      | Reached skill level 4 in Fighting
   168 | D:1      | Reached XP level 2. HP: 28/28 MP: 1/1
   467 | D:1      | Reached skill level 5 in Fighting
   568 | D:1      | Reached XP level 3. HP: 36/36 MP: 2/2
   873 | D:2      | Noticed Sigmund
  1079 | D:2      | Killed Sigmund
  1079 | D:2      | Reached skill level 7 in Fighting
  1079 | D:2      | Reached XP level 4. HP: 48/48 MP: 3/3
  1079 | D:2      | Reached XP level 5. HP: 53/53 MP: 4/4
  1308 | D:2      | Reached skill level 8 in Fighting
  1467 | D:2      | Reached XP level 6. HP: 59/61 MP: 5/5
  1502 | D:2      | Noticed Jessica
  1536 | D:2      | Killed Jessica
  2003 | D:3      | Reached skill level 9 in Fighting
  2362 | D:3      | Noticed Terence
  2375 | D:3      | Killed Terence
  2375 | D:3      | Reached XP level 7. HP: 62/70 MP: 6/6
  2429 | D:3      | Noticed Robin
  2617 | D:3      | Reached skill level 10 in Fighting
  2707 | D:3      | Killed Robin
  2773 | D:3      | Found a roughly hewn altar of Beogh.
  2789 | D:3      | Reached skill level 1 in Bows
  3077 | D:4      | Found a snail-covered altar of Cheibriados.
  3209 | D:4      | Found a hide-covered altar of Uskayaw.
  3230 | D:4      | Found a staircase to the Ecumenical Temple.
  3241 | Temple   | Entered the Ecumenical Temple
  3603 | D:5      | Entered Level 5 of the Dungeon
  3872 | D:5      | Reached skill level 5 in Bows
  3883 | D:5      | Reached XP level 8. HP: 71/79 MP: 7/7
  4084 | D:5      | Found a transporter.
  4088 | D:5      | Found a transporter.
  4142 | D:5      | Found a sacrificial altar of Ru.
  4143 | D:5      | Found a shimmering altar of Xom.
  4867 | D:6      | Found a stormy altar of Qazlal.
  4895 | D:6      | Noticed Menkaure
  4908 | D:6      | Killed Menkaure
  5267 | D:6      | Found a white marble altar of Elyvilon.
  5352 | D:6      | Noticed a troll
  5365 | D:6      | Slain by a troll

Skill      XL: |  1  2  3  4  5  6  7  8 |
---------------+-------------------------+-----
Fighting       | 4 5 7 8 9 10 | 10.0
Bows           | 5 9 |  9.2
Long Blades    | |  2.4
Armour         | |  3.6
Shields        | |  3.6

Action                   |  1- 3 |  4- 6 |  7- 9 || total
-------------------------+-------+-------+-------++-------
Melee: Long sword        |    84 |    15 |     9 ||   108
       Headbutt          |    11 |    26 |    59 ||    96
       Short sword       |       |   158 |   263 ||   421
  Use: Potion            |     1 |       |       ||     1
  Eat: Chunk             |     1 |     4 |    10 ||    15
Armor: Scale mail        |    10 |       |       ||    10
       Chain mail        |    26 |    94 |   123 ||   243
Dodge: Dodged            |    18 |    40 |    61 ||   119
Block: Shield            |    34 |    92 |   122 ||   248
       Rpst.: Long sword |     6 |     1 |     1 ||     8
